 Dungeon Crawl Stone Soup version 0.26-a0-950-g52035dc9a5 (console) character file.

Game seed: 13736144871520589612

13759 Gather the Covert (level 12, -7/72 HPs)
             Began as a Kobold Conjurer on Nov 28, 2020.
             Was a Believer of Nemelex Xobeh.
             Mangled by a death yak (18 damage)
             ... on level 10 of the Dungeon on Nov 29, 2020.
             The game lasted 01:47:56 (14825 turns).

Gather the Covert (Kobold Conjurer)                Turns: 14825, Time: 01:47:56

Health: -7/72      AC: 11    Str: 11    XL:     12   Next: 36%
Magic:  15/17      EV: 20    Int: 24    God:    Nemelex Xobeh [**....]
Gold:   383        SH:  0    Dex: 22    Spells: 3/18 levels left

rFire    + . .     SeeInvis .   a - +4 dagger (venom)
rCold    . . .     Faith    .   (shield restricted)
rNeg     . . .     Spirit   .   u - +1 leather armour of Trial and Error {rPois rF+}
rPois    +         Reflect  .   (no helmet)
rElec    .         Harm     .   Q - +1 cloak {rCorr}
rCorr    +         Rampage  .   w - +2 pair of gloves {Dex+3}
MR       .....                  r - +0 pair of boots
Stlth    ++++++....             p - amulet of regeneration
HPRegen  0.62/turn              e - +6 ring of dexterity
MPRegen  0.15/turn              j - +6 ring of strength

@: very slightly contaminated
A: small, nightstalker 3
a: Draw Escape, Draw Destruction, Draw Summoning, Renounce Religion


You were on level 10 of the Dungeon.
You worshipped Nemelex Xobeh.
Nemelex Xobeh was pleased with you.
You visited 2 branches of the dungeon, and saw 12 of its levels.

You collected 601 gold pieces.
You spent 218 gold pieces at shops.

Inventory:

Hand Weapons
 a - a +4 dagger of venom (weapon)
 b - a +2 short sword of electrocution
 H - a +3 dagger of chaos
 I - a +2 short sword of flaming
Missiles
 c - 423 stones
 m - 76 poisoned darts (quivered)
Armour
 h - a +0 robe
 n - a +1 troll leather armour {Purgy}
 r - a +0 pair of boots (worn)
 u - the +1 leather armour of Trial and Error (worn) {rPois rF+}
   (You found it on level 4 of the Dungeon)

   It protects you from fire.
   It protects you from poison.
 w - a +2 pair of gloves of dexterity (worn)
 B - the +1 ring mail "Epont" {rElec MR- Stlth+}
   (You found it on level 6 of the Dungeon)

   It insulates you from electricity.
   It affects your resistance to hostile enchantments.
   It makes you more stealthy.
 F - a +0 cloak
 Q - a +1 cloak of preservation (worn)
 S - the +4 ring mail of the Hills {MR+, unknown}
   (You found it on level 11 of the Dungeon)

   It affects your resistance to hostile enchantments.
 T - a +1 leather armour of poison resistance
Jewellery
 e - a +6 ring of dexterity (left hand)
 j - a +6 ring of strength (right hand)
 k - an uncursed amulet of magic regeneration
 p - an amulet of regeneration (around neck)
 D - a +6 ring of strength
 J - an uncursed ring of poison resistance
 O - a +4 ring of protection {unknown}
 U - a cursed ring of teleportation {unknown}
Wands
 d - a wand of flame (32)
 i - a wand of disintegration (12)
 y - a wand of enslavement (6)
 K - a wand of random effects (29)
 N - a wand of digging (5)
Scrolls
 f - 6 scrolls of teleportation
 l - 3 scrolls of fog
 t - 2 scrolls of magic mapping
 M - a scroll of amnesia
Potions
 g - a potion of brilliance
 o - 6 potions of curing
 q - a potion of haste
 v - 5 potions of ambrosia {unknown}
 x - 2 potions of might
 z - 3 potions of resistance
 A - 2 potions of lignification
 C - a potion of flight
 E - a potion of cancellation
 G - 2 potions of attraction
 L - 2 potions of berserk rage {unknown}
Miscellaneous
 P - a condenser vane


   Skills:
 + Level 7.0 Fighting
 + Level 9.2 Short Blades
 - Level 4.0 Armour
 + Level 6.6 Dodging
 + Level 10.0 Stealth
 + Level 3.8 Spellcasting
 + Level 8.6 Conjurations
 + Level 8.0 Hexes
 + Level 4.3 Translocations
 + Level 5.4 Invocations


You had 3 spell levels left.
You knew the following spells:

 Your Spells              Type           Power        Failure   Level
a - Searing Ray           Conj           #####.       1%          2
b - Magic Dart            Conj           ####         1%          1
c - Confusing Touch       Hex            #####...     1%          3
d - Dazzling Flash        Conj/Hex       #####.       1%          3
f - Fulminant Prism       Conj/Hex       #####.....   4%          4
z - Blink                 Tloc           N/A          3%          2

Your spell library contained the following spells:

 Spells                   Type           Power        Failure   Level
 Corona                   Hex            #####..      1%          1
 Slow                     Hex            #####...     1%          2
 Tukima's Dance           Hex            #####...     1%          3
 Shock                    Conj/Air       ####         2%          1
 Ensorcelled Hibernation  Hex/Ice        ###...       3%          2
 Conjure Flame            Conj/Fire      ####....     6%          3
 Static Discharge         Conj/Air       ####....     6%          3
 Mephitic Cloud           Conj/Pois/Air  ###.....     12%         3
 Call Imp                 Summ           #.......     19%         2
 Swiftness                Air            #.......     19%         2
 Iskenderun's Mystic Bla  Conj/Tloc      #####...     9%          4
 Lightning Bolt           Conj/Air       ####......   52%         5
 Airstrike                Air            #.........   77%         4


Dungeon Overview and Level Annotations

Branches:
Dungeon (11/15)            Temple (1/1) D:7            Lair (0/6) D:11
    Orc: D:9-12

Altars:
Ashenzari
Cheibriados
Dithmenos
Elyvilon
Fedhas
Gozag
Hepliaklqana
Kikubaaqudgha
Makhleb
Nemelex Xobeh
Okawaru
Qazlal
Ru
Sif Muna
Trog
Uskayaw
Vehumet
Wu Jian
Xom
Yredelemnul
Zin
The Shining One

Shops:
D:5 *

Annotations:
D:9 3 runed translucent doors


Innate Abilities, Weirdness & Mutations

You are small and have problems with some larger weapons.
You are completely attuned to the shadows.


Message History

b - Exile
c - the Tomb Huh?
You have drawn the Tomb.
Walls emerge from the floor!
You can no longer choose one out of three cards.
The death yak gores you! The death yak gores you!!
* * * LOW HITPOINT WARNING * * *
You draw a card...
You have drawn the Orb.
Press: ? - help, Shift-Dir - straight line, f - death yak
Aim: a death yak (moderately wounded, extremely poisoned)
Your orb of destruction hits a rock wall. x2
The wavering orb of destruction weakly hits the death yak!
The death yak is moderately wounded.
Your orb of destruction hits a rock wall.
The wavering orb of destruction weakly hits the death yak!!
The death yak is moderately wounded.
The death yak gores you!!
You die...
Your body glows slightly and disappears.

##........####.............
#..........#.............#
##................#......#
####......##........##......
#........###........###.....
#..........#.)......#.......
##..##...................#..
#####...##..................#..
#.#.......:.............#......
###......).....##Y........###.##.
#..............#@#..#.........)##
###.#.####.....Y##..#..........#.
#.###.......(##.#..............
###......#...##..###..........#
#>.....#.#.รท.....#...........##
#......#.#.........#..........#
#...##...##........#...####.#..
#...#.....#.##.........######..
#####.......###...####...#.#...
#.......####..#####........#
##......#......##.....##...#


You could see 2 death yaks.

Vanquished Creatures
  5 death yaks
  Pikel (D:7)
  3 ugly things (D:11)
  Psyche (D:9)
  Maggie (D:9)
  A queen bee (D:9)
  2 trolls
  A spriggan (D:8)
  Sigmund (D:3)
  3 yaks (D:10)
  Grum (D:11)
  An acid dragon (D:11)
  A water moccasin (D:8)
  Duvessa (D:6)
  Purgy (D:3)
  A black bear (D:11)
  2 ice beasts
  7 orc warriors
  5 sky beasts
  6 ogres
  A necrophage (D:8)
  4 wolves
  3 centaurs
  3 lemures (D:7)
  6 big kobolds
  3 bullfrogs
  A water moccasin zombie (D:8)
  Dowan (D:6)
  A water moccasin skeleton (D:6)
  6 scorpions
  29 killer bees
  4 wights (D:7)
  A centaur zombie (D:7)
  2 quasits
  4 hounds
  11 orc priests
  A centaur skeleton (D:9)
  3 jellies
  Natasha (twice) (D:3)
  2 iguanas
  10 orc wizards
  5 worker ants
  A killer bee zombie (D:10)
  2 hound skeletons
  A worker ant zombie (D:9)
  17 adders
  A shadow imp (D:9)
  4 white imps
  3 ufetubi
  An ooze (D:3)
  An adder zombie (D:8)
  5 worms (D:2)
  3 dart slugs
  3 leopard geckos
  61 orcs
  4 giant cockroaches
  6 goblins
  9 hobgoblins
  6 jackals
  35 kobolds
  2 quokkas
  A ball python (D:4)
  5 bats
  5 frilled lizards
  A jackal skeleton (D:5)
  4 rats
329 creatures vanquished.

Vanquished Creatures (others)
  13 fulminant prisms
  2 plants (D:7)
15 creatures vanquished.

Grand Total: 344 creatures vanquished

Notes
Turn   | Place    | Note
-------+----------+-------------------------------------------
     0 | D:1      | Gather the Kobold Conjurer began the quest for the Orb.
     0 | D:1      | Reached XP level 1. HP: 10/10 MP: 3/3
   315 | D:1      | Reached XP level 2. HP: 11/15 MP: 1/5
   318 | D:1      | Learned a level 2 spell: Searing Ray
  1098 | D:2      | Reached skill level 3 in Stealth
  1135 | D:2      | Reached skill level 1 in Short Blades
  1135 | D:2      | Reached XP level 3. HP: 19/19 MP: 2/6
  1252 | D:2      | Learned a level 3 spell: Dazzling Flash
  1334 | D:2      | Reached skill level 1 in Hexes
  1365 | D:2      | Reached XP level 4. HP: 17/24 MP: 3/7
  2196 | D:2      | Reached skill level 5 in Conjurations
  2196 | D:2      | Reached XP level 5. HP: 28/28 MP: 4/8
  2543 | D:3      | Noticed Sigmund
  2656 | D:3      | Noticed Purgy
  2665 | D:3      | Killed Purgy
  2666 | D:3      | Reached XP level 6. HP: 4/32 MP: 2/9
  2981 | D:2      | HP: 1/32 [poisoned by an orc]
  3492 | D:2      | Learned a level 3 spell: Confusing Touch
  3711 | D:3      | Noticed Natasha
  3715 | D:3      | Killed Natasha
  3750 | D:3      | Noticed Natasha
  3787 | D:3      | Killed Sigmund
  3788 | D:3      | Reached skill level 4 in Stealth
  3788 | D:3      | Reached XP level 7. HP: 31/36 MP: 8/10
  3987 | D:3      | Found a stormy altar of Qazlal.
  4373 | D:3      | Killed Natasha
  5065 | D:4      | Reached skill level 5 in Stealth
  5170 | D:4      | Reached skill level 1 in Fighting
  5170 | D:4      | Reached skill level 1 in Armour
  5455 | D:4      | Found a radiant altar of Vehumet.
  5456 | D:4      | Found an ornate altar of the Wu Jian Council.
  5533 | D:4      | Reached XP level 8. HP: 43/43 MP: 7/11
  5719 | D:4      | Got a brightly glowing leather armour
  5729 | D:4      | Identified the cursed +1 leather armour of Trial and Error
                  | {rPois rF+} (You found it on level 4 of the Dungeon)
  6113 | D:5      | Entered Level 5 of the Dungeon
  6138 | D:5      | Reached skill level 5 in Hexes
  6443 | D:5      | Found Zus Weack's Assorted Antiques.
  6448 | D:5      | Bought a pair of glowing gloves for 195 gold pieces
  6448 | D:5      | Bought a blue potion for 23 gold pieces
  6543 | D:5      | Reached skill level 5 in Short Blades
  6788 | D:5      | Reached XP level 9. HP: 50/50 MP: 4/12
  6802 | D:5      | Reached skill level 6 in Stealth
  7227 | D:6      | Noticed Duvessa
  7227 | D:6      | Noticed Dowan
  7229 | D:6      | Killed Dowan
  7233 | D:6      | Killed Duvessa
  7479 | D:6      | Got a slimy ring mail
  8372 | D:7      | Found a staircase to the Ecumenical Temple.
  8379 | Temple   | Entered the Ecumenical Temple
  8486 | Temple   | Became a worshipper of Nemelex Xobeh the Trickster
  8512 | D:7      | Learned a level 4 spell: Fulminant Prism
  8700 | D:7      | Reached skill level 7 in Stealth
  8740 | D:7      | Reached skill level 1 in Invocations
  9044 | D:7      | Identified the cursed +1 ring mail "Epont" {rElec MR-
                  | Stlth+} (You found it on level 6 of the Dungeon)
  9100 | D:7      | Found a blossoming altar of Fedhas.
  9104 | D:7      | Noticed Pikel
  9167 | D:7      | Reached XP level 10. HP: 58/58 MP: 5/13
  9189 | D:7      | Killed Pikel
  9447 | D:7      | Found a burning altar of Makhleb.
  9819 | D:8      | Reached skill level 5 in Fighting
 10189 | D:8      | Reached skill level 8 in Stealth
 10856 | D:9      | Reached * piety under Nemelex Xobeh
 10865 | D:9      | Received a gift from Nemelex Xobeh
 11182 | D:9      | Noticed Psyche
 11190 | D:9      | Killed Psyche
 11427 | D:9      | Reached skill level 5 in Dodging
 11451 | D:8      | Reached XP level 11. HP: 63/64 MP: 1/14
 11556 | D:9      | Noticed Maggie
 11771 | D:9      | Killed Maggie
 11861 | D:9      | Found a runed translucent gate.
 11861 | D:9      | Found a runed translucent gate.
 11861 | D:9      | Found a runed translucent gate.
 11921 | D:9      | Reached skill level 9 in Stealth
 12461 | D:9      | Learned a level 2 spell: Blink
 12488 | D:9      | Reached skill level 1 in Translocations
 12494 | D:9      | Found a shadowy altar of Dithmenos.
 12667 | D:10     | Entered Level 10 of the Dungeon
 12668 | D:10     | Upgraded the game from 0.26-a0-946-g9485abf61d to
                  | 0.26-a0-950-g52035dc9a5
 13214 | D:10     | Reached ** piety under Nemelex Xobeh
 13562 | D:11     | Noticed Grum
 13834 | D:11     | Killed Grum
 14027 | D:11     | Noticed a cyan ugly thing
 14031 | D:11     | Killed a cyan ugly thing
 14051 | D:11     | Got a jewelled ring mail
 14068 | D:11     | Found a sacrificial altar of Ru.
 14205 | D:11     | Noticed a death yak
 14205 | D:11     | Noticed a death yak
 14220 | D:11     | Found a staircase to the Lair.
 14222 | D:11     | Killed a death yak
 14225 | D:11     | Noticed a death yak
 14234 | D:11     | Killed a death yak
 14235 | D:11     | Reached XP level 12. HP: 71/71 MP: 15/17
 14236 | D:11     | Noticed a death yak
 14256 | D:11     | Killed a death yak
 14257 | D:11     | Reached skill level 5 in Invocations
 14287 | D:11     | Noticed a death yak
 14287 | D:11     | Noticed a death yak
 14288 | D:11     | Noticed a death yak
 14385 | D:10     | Killed a death yak
 14609 | D:11     | Reached skill level 10 in Stealth
 14683 | D:11     | Reached *** piety under Nemelex Xobeh
 14683 | D:11     | Received a gift from Nemelex Xobeh
 14807 | D:10     | Killed a death yak
 14825 | D:10     | Mangled by a death yak

Illustrated notes

Levels and vault maps discovered:
D:1:      nicolae_arrival_washed_ashore, layout_basic
D:2:      layout_loops_ring
D:3:      layout_rooms, lemuel_coloured_pillars_altar, uniq_natasha,
          uniq_sigmund, uniq_purgy
D:4:      layout_layer_cave, gammafunk_temple_overflow_statue
D:5:      layout_cave_pods, serial_shops, shop
D:6:      layout_loops_ring, uniq_duvessa
D:7:      layout_loops_ring, lemuel_crystal_altar, fedhas_altar_1,
          minmay_temple_entry_mini_moons, uniq_pikel
D:8:      layout_basic, the_bakery
D:9:      layout_roguey [special_room_bee], grunt_dithmenos_shadows,
          gammafunk_ghost_necromancy, nicolae_benzene_ring, uniq_psyche,
          uniq_maggie
D:10:     layout_cave_pools
D:11:     layout_basic, dpeg_lair_monsters, grunt_ministairs_13,
          nicolae_ru_awakened_eye, uniq_grum
Temple:   nicolae_temple_x_marks_the_god

Skill      XL: |  1  2  3  4  5  6  7  8  9 10 11 12 |
---------------+-------------------------------------+-----
Stealth        | 3 4 5 7 8 9 10 | 10.0
Short Blades   | 1 2 3 5 6 7 8 9 |  9.2
Hexes          | 1 2 3 4 5 6 7 8 |  8.0
Conjurations   | 5 6 7 8 |  8.6
Fighting       | 1 3 4 5 6 7 |  7.0
Armour         | 1 2 3 4 |  4.0
Invocations    | 1 3 4 5 |  5.4
Dodging        | 3 5 6 |  6.6
Translocations | 3 4 |  4.3
Spellcasting   | 3 |  3.8

Action                   |  1- 3 |  4- 6 |  7- 9 | 10-12 || total
-------------------------+-------+-------+-------+-------++-------
Melee: Unarmed           |    14 |       |       |       ||    14
       Dagger            |     7 |    20 |   217 |   229 ||   473
       Short sword       |       |    16 |       |    83 ||    99
Throw: Dart              |       |       |       |     3 ||     3
 Cast: Magic Dart        |     9 |       |       |       ||     9
       Searing Ray       |    11 |    21 |    19 |    24 ||    75
       Dazzling Flash    |       |     2 |     8 |     8 ||    18
       Confusing Touch   |       |     3 |    22 |    38 ||    63
       Fulminant Prism   |       |       |       |    13 ||    13
       Blink             |       |       |       |     4 ||     4
Invok: Draw Destruction  |       |       |       |     3 ||     3
       Triple Draw       |       |       |       |     1 ||     1
  Use: Scroll            |     5 |     1 |    16 |     6 ||    28
       Potion            |       |       |       |     3 ||     3
 Stab: Sleeping          |     9 |     9 |    30 |    25 ||    73
       Distracted        |       |     2 |     1 |     2 ||     5
       Confused          |       |     1 |    14 |    30 ||    45
       Invisible         |       |       |     1 |     7 ||     8
Armor: Robe              |       |     8 |       |       ||     8
       Troll leather arm |       |       |     5 |       ||     5
       Leather armour    |       |       |    32 |    58 ||    90
Dodge: Dodged            |    19 |    62 |   123 |   303 ||   507

Table legend: (Time is in decaauts)
 A = Elapsed time spent in this place.
 B = Non-inter-level travel time spent in this place.
 C = Inter-level travel time spent in this place.
 D = Time resting spent in this place.
 E = Time spent auto-exploring this place.
 F = Levels seen in this place.
 G = Mean time per level.
                   A        B        C        D        E       F      G
               +--------+--------+--------+--------+--------+-----+--------+
         Total |  14677 |  14152 |    525 |   2865 |   8052 |  12 | 1223.1 |
       Dungeon |  14565 |  14049 |    516 |   2865 |   7955 |  11 | 1324.1 |
        Temple |    111 |    102 |      9 |      0 |     97 |   1 |  111.0 |
               +--------+--------+--------+--------+--------+-----+--------+

Top non-repeatable levels by time:
     D:2: 2299 daAuts
     D:4: 1572 daAuts
     D:9: 1442 daAuts
     D:8: 1374 daAuts
     D:1: 1294 daAuts
     D:7: 1246 daAuts
     D:5: 1192 daAuts
    D:10: 1123 daAuts
     D:6: 1096 daAuts
    D:11: 976 daAuts
     D:3: 947 daAuts
  Temple: 111 daAuts
